AoeStats
← ForgeableSum

Arabian Desert

509755192Analyzed
1v1 RM · 6d ago on Sep 27, 2026· 36m 38s· 2 players
Game mode
Random Map
Map size
Tiny (2 player)
Population
200
Speed
Normal
Resources
Standard
Victory
Conquest
Starting age
Dark Age
Ending age
Imperial Age
RankedLock teamsTeams togetherTeam positionsShared explorationLock speedFull tech treeHidden civsTurbo modeCheats
Victory
Defeat
🇺🇸 Italians · United States
1392
+18
🇺🇸 Danes · United States
1443
-18
ForgeableSum
6:53 Loom
9:48 Feudal Age
11:23 Double-Bit Axe
11:04 Man-at-Arms
16:55 Fletching
17:12 Padded Archer Armor
23:55 Castle Age
22:02 Gold Mining
22:05 Stone Mining
22:10 Gold Mining
24:11 Crossbowman
25:10 Bodkin Arrow
34:49 Horse Collar
Pagliacci
4:54 Loom
8:54 Feudal Age
9:25 Double-Bit Axe
11:04 Man-at-Arms
18:12 Fletching
26:14 Castle Age
26:22 Elite Skirmisher
26:58 Bodkin Arrow
26:41 Crossbowman
27:03 Horse Collar
32:19 Scale Mail Armor
32:27 Squires
Connection lost

Rejoining the realm…

Still unreachable

The connection could not be restored.

Session expired

The server has moved on; the page needs a fresh start.